 Dungeon Crawl Stone Soup version 0.18-a0-1643-gb89d9db (webtiles) character file.

672 hexophile the Twirler (level 7, -18/50 HPs)
             Began as a Demonspawn Gladiator on Mar 28, 2016.
             Was an Initiate of Cheibriados.
             Demolished by an ogre
             ... wielding a +0 giant club
              (22 damage)
             ... on level 6 of the Dungeon.
             The game lasted 00:09:03 (6630 turns).

hexophile the Twirler (Demonspawn Gladiator)        Turns: 6630, Time: 00:09:04

Health: -18/50     AC: 11    Str: 19    XL:     7   Next: 32%
Magic:  1/7        EV:  6    Int: 10    God:    Cheibriados [......]
Gold:   244        SH:  0    Dex: 14    Spells: 0 memorised, 6 levels left

rFire  . . .     SeeInvis +     a - +0 quarterstaff
rCold  . . .     Gourm    .     f - +1 plate armour
rNeg   . . .     Faith    .     (shield currently unavailable)
rPois  .         Spirit   .     (helmet unavailable)
rElec  .         Dismiss  .     (no cloak)
rCorr  .         Reflect  .     (no gloves)
SustAt .         Harm     .     (no boots)
MR     .....                    (no amulet)
Stlth  ..........               (no ring)
                                (no ring)

@: very slow, not resistant to hostile enchantments, extremely unstealthy
A: antennae 3
a: Bend Time, Renounce Religion


You were on level 6 of the Dungeon.
You worshipped Cheibriados.
Cheibriados was noncommittal.
You were not hungry.

You visited 1 branch of the dungeon, and saw 6 of its levels.

You collected 244 gold pieces.


Innate Abilities, Weirdness & Mutations

You have a pair of large antennae on your head (SInv).

Inventory:

Hand Weapons
 a - a +0 quarterstaff (weapon)
Missiles
 i - 40 poisoned needles
 j - 7 needles of sleeping
 F - a throwing net (quivered) {+f}
Armour
 f - a +1 plate armour (worn)
Wands
 k - a wand of polymorph (13/24)
Scrolls
 e - 2 scrolls of recharging
 h - 3 scrolls of remove curse
Potions
 c - 2 potions of lignification {unknown}
 l - 2 potions of degeneration {unknown}
 p - a potion of cure mutation {!q}
 q - a potion of flight
 u - 2 potions of brilliance {Archmagi Int+5 Wiz++}
Comestibles
 b - 2 chunks of flesh
 d - 6 meat rations
 r - 3 bread rations


You had 6 spell levels left.
You didn't know any spells.


   Skills:
 + Level 2.1 Fighting
 * Level 7.8 Staves
 - Level 1.7 Throwing
 - Level 2.6 Dodging

Dungeon Overview and Level Annotations

Branches:
Dungeon (6/15)             Temple (0/1) D:5

Altars:
Cheibriados
Gozag
Qazlal
Trog
The Shining One

Shops:
D:5 }

Annotations:
D:3 hexophile's ghost, weakling DsWn
D:5 Prince Ribbit

Vault maps used:
D:1:      roderic_dead_forest, hangedman_feature_mirror
D:2:      grunt_qazlal_sundering, uniq_robin
D:4:      minitemple, uniq_edmund
D:5:      kennysheep_mini_moat, nicolae_overflow_hidden_temple,
          minmay_temple_entry_statues_fountains, serial_shops, shop_fountains,
          first_bread, serial_glass, glass_columns_a, glass_columns_b,
          uniq_prince_ribbit1, uniq_pikel, uniq_blork_the_orc
D:6:      overflow_temple_1_default, uniq_crazy_yiuf_cottage, uniq_sigmund
You       could see an ogre.


Message History

You lost 3 HP.
You have now: 46/50 HP.
You barely miss the hound.
The hound is almost dead.
The hound closely misses you.
You hit the hound.
You kill the hound!
Cheibriados thoroughly appreciates the change of pace.
You see here a hound corpse.
You butcher the hound corpse.
b - 2 chunks of flesh You see here a hound skeleton.
(D) Dungeon (T) Temple
Where to? (Enter - D:5, ? - help)
There is a stone staircase leading up here.
There is a stone staircase leading down here.
You climb downwards.
There is a stone staircase leading up here.
r - 3 bread rations (gained 1)
You sense a monster nearby.
An ogre comes into view. It is wielding a giant club.
The ogre shouts!
Found a ring mail.
The flow of time bends around you.
The ogre resists with some effort.
You feel slightly more hungry. The ogre hits you with a giant club.
You lost 1 HP.
You have now: 49/50 HP.
You thump the ogre!
The ogre is heavily wounded.
Your plate armour prevents you from hitting the ogre.
The ogre is heavily wounded.
The ogre hits you with a giant club!! !MASSIVE DAMAGE!
YOU LOST 23 HP!
You have now: 26/50 HP.
Your plate armour prevents you from hitting the ogre.
The ogre is heavily wounded.
The ogre hits you with a giant club!
* * * LOW HITPOINT WARNING * * *
You lost 9 HP.
You have now: 17/50 HP.
The flow of time bends around you.
The ogre resists with some effort.
* * * LOW MAGIC WARNING * * *
You feel slightly more hungry.
You sock the ogre!
The ogre is almost dead.
The ogre hits you with a giant club!
* * * LOW HITPOINT WARNING * * *
!MASSIVE DAMAGE!
YOU LOST 13 HP!
You have now: 4/50 HP.
You hit the ogre but do no damage.
The ogre is almost dead.
The ogre hits you with a giant club!!
You die...

Action                   |  1- 3 |  4- 6 |  7- 9 || total
-------------------------+-------+-------+-------++-------
Melee: Quarterstaff      |   158 |   303 |    31 ||   492
Throw: Throwing net      |       |     6 |     2 ||     8
Invok: Bend Time         |       |       |     5 ||     5
Evoke: Wand              |       |     1 |       ||     1
  Use: Scroll            |     4 |     7 |     2 ||    13
       Potion            |     3 |     2 |     2 ||     7
 Stab: Held in net/web   |       |     2 |       ||     2
  Eat: Chunk             |     3 |     6 |       ||     9
       Bread ration      |       |     1 |       ||     1
       Fruit             |       |     5 |     5 ||    10

Notes
Turn   | Place    | Note
--------------------------------------------------------------
     0 | D:1      | hexophile the Demonspawn Gladiator began the quest for the Orb.
     0 | D:1      | Reached XP level 1. HP: 16/16 MP: 1/1
   188 | D:1      | Reached skill level 3 in Staves
   434 | D:1      | Gained mutation: You have a pair of small antennae on your head. [demonic ancestry]
   434 | D:1      | Reached XP level 2. HP: 22/22 MP: 2/2
   840 | D:1      | Gained mutation: You have a pair of antennae on your head. [demonic ancestry]
   840 | D:1      | Reached XP level 3. HP: 23/27 MP: 3/3
  1217 | D:2      | Found a stormy altar of Qazlal.
  1227 | D:2      | Reached skill level 4 in Staves
  1511 | D:2      | Noticed Robin
  1978 | D:3      | Gained mutation: You have a pair of large antennae on your head (SInv). [demonic ancestry]
  1978 | D:3      | Reached XP level 4. HP: 28/33 MP: 4/4
  2006 | D:3      | Noticed hexophile's ghost (weakling DsWn)
  2281 | D:4      | Noticed Edmund
  3183 | D:2      | Reached skill level 5 in Staves
  3254 | D:2      | Killed Robin
  3325 | D:2      | Reached XP level 5. HP: 38/38 MP: 5/5
  4627 | D:4      | Reached skill level 6 in Staves
  4797 | D:4      | Reached XP level 6. HP: 25/44 MP: 6/6
  4897 | D:4      | Killed Edmund
  5281 | D:4      | Found a bloodstained altar of Trog.
  5281 | D:4      | Found a glowing golden altar of the Shining One.
  5285 | D:4      | Found a snail-covered altar of Cheibriados.
  5296 | D:4      | Became a worshipper of Cheibriados the Contemplative
  5331 | D:5      | Entered Level 5 of the Dungeon
  5418 | D:5      | Found a staircase to the Ecumenical Temple.
  5477 | D:5      | Noticed a sky beast
  5486 | D:5      | Killed a sky beast
  5486 | D:5      | Reached skill level 7 in Staves
  5513 | D:5      | Found Mylish's Gadget Emporium.
  5720 | D:5      | Noticed a sky beast
  5733 | D:5      | Killed a sky beast
  5733 | D:5      | Reached XP level 7. HP: 25/50 MP: 7/7
  5928 | D:5      | Found an opulent altar of Gozag.
  5928 | D:5      | Noticed Prince Ribbit
  6198 | D:5      | HP: 2/50 [Prince Ribbit (14)]
  6630 | D:6      | Demolished by an ogre

Table legend:
 A = Turns spent in this place as a percentage of turns spent in the entire game.
 B = Non-inter-level travel turns spent in this place as a percentage of non-inter-level travel turns spent in the entire game.
 C = Inter-level travel turns spent in this place as a percentage of turns spent in this place.
 D = Turns resting spent in this place as a percentage of non-inter-level travel turns spent in this place.
 E = Turns spent auto-exploring this place as a percentage of non-inter-level travel turns spent in this place.
 F = Non-inter-level travel turns spent in this place divided by the number of levels of this place that you've seen.
                   A       B       C       D       E      F
               +-------+-------+-------+-------+-------+----------------------
         Total | 100.0 | 100.0 |   0.4 |   4.0 |   7.7 | 343.2
       Dungeon | 100.0 | 100.0 |   0.4 |   4.0 |   7.7 | 343.2
               +-------+-------+-------+-------+-------+----------------------

Table legend:
 A = Kills in this place as a percentage of kills in entire the game.
 B = Kills by you in this place as a percentage of kills by you in the entire game.
 C = Kills by friends in this place as a percentage of kills by friends in the entire game.
 D = Other kills in this place as a percentage of other kills in the entire game.
 E = Experience gained in this place as a percentage of experience gained in the entire game.
 F = Experience gained in this place divided by the number of levels of this place that you have seen.
                   A       B       C       D       E      F
               +-------+-------+-------+-------+-------+----------------------
         Total | 100.0 | 100.0 |  -nan |  -nan | 100.0 | 160.0
       Dungeon | 100.0 | 100.0 |  -nan |  -nan | 100.0 | 160.0
               +-------+-------+-------+-------+-------+----------------------

Vanquished Creatures
  Edmund (D:4)
  2 sky beasts (D:5)
  A hound (D:5)
  A giant frog skeleton (D:4)
  An orc priest (D:4)
  2 iguanas
  A worker ant (D:5)
  Robin (D:2)
  3 adders
  3 gnolls
  A river rat (D:4)
  2 oozes
  4 worms
  4 dart slugs (D:1)
  6 giant geckos
  6 orcs
  13 bats
  2 giant cockroaches (D:1)
  9 hobgoblins
  12 jackals
  7 kobolds
  A quokka (D:3)
  8 giant newts
  15 goblins
  A quokka skeleton (D:4)
  9 rats
116 creatures vanquished.
